 Dungeon Crawl Stone Soup version 0.31-a0-237-g2d982f9f85 (webtiles) character file.

Game seed: 12549386368433753474

413 qw the Shooter (level 6, -1/38 HPs)
             Began as a Gargoyle Hexslinger on July 11, 2023.
             Killed by divine providence
             ... invoked by an orc priest
              (10 damage)
             ... on level 5 of the Dungeon.
             The game lasted 00:01:00 (2509 turns).

qw the Shooter (Gargoyle Hexslinger)                Turns: 2509, Time: 00:01:00

Health: -1/38      AC:  9    Str: 12    XL:     6   Next: 90%
Magic:  7/7        EV: 11    Int: 14    God:
Gold:   38         SH:  0    Dex: 16    Spells: 6/7 levels left

rFire   + . .        Y - +2 sling (freeze)
rCold   . . .        (no shield)
rNeg    + . .        k - +1 leather armour of the Elven Halls {rF+ Int-2 Dex+2 SInv}
rPois   inf          d - +0 helmet {Int+3}
rElec   +            (no cloak)
rCorr   .            (no gloves)
SInv    +            (no boots)
Will    .....        (no amulet)
Stlth   +            e - +4 ring of slaying {mikee}
HPRegen 0.26/turn    (no ring)
MPRegen 0.10/turn

%: no passive effects
@: no status effects
A: sickness immunity, AC +4, negative energy resistance 1, electricity
resistance, torment resistance 1, petrification resistance
a: no special abilities


You were on level 5 of the Dungeon.
You visited 1 branch of the dungeon, and saw 5 of its levels.

You collected 203 gold pieces.
You spent 165 gold pieces at shops.


Innate Abilities, Weirdness & Mutations

You are immune to sickness and miasma.
Your stone body is resilient. (AC +4)
You are immune to poison.
You resist negative energy. (rN+)
You are resistant to electric shocks. (rElec)
You are resistant to unholy torment.
You are immune to petrification.


   Skills:
 - Level 4.0 Fighting
 + Level 6.0 Ranged Weapons
 - Level 1.0 Armour
 - Level 1.5 Dodging
 - Level 1.0 Spellcasting
 - Level 2.6 Hexes


You had 6 spell levels left.
You knew the following spells:

 Your Spells              Type           Power      Damage    Failure   Level
a - Slow                  Hex            32%        N/A       11%         1

Your spell library contained the following spells:

 Spells                   Type           Power      Damage    Failure   Level
 Inner Flame              Hex/Fire       4%         N/A       50%         3
 Portal Projectile        Hex/Tloc       8%         N/A       50%         3
 Cause Fear               Hex            4%         N/A       73%         4

Inventory:

Hand Weapons
 Y - a +2 sling of freezing (weapon)
Armour
 d - a +0 helmet of intelligence (worn)
 k - the +1 leather armour of the Elven Halls (worn) {rF+ Int-2 Dex+2 SInv}
   (You found it on level 4 of the Dungeon)

   Int:       It affects your intelligence (-2).
   Dex:       It affects your dexterity (+2).
   rF:        It protects you from fire.
   SInv:      It lets you see invisible.
Jewellery
 e - a +4 ring of slaying (left hand) {mikee}
Scrolls
 c - a scroll of identify
Potions
 a - a potion of might
 b - 3 potions of curing
 g - a potion of lignification {unknown}
 h - a potion of ambrosia {unknown}
 i - a potion of invisibility {unknown}

Dungeon Overview and Level Annotations

Branches:
Dungeon (5/15)
 Temple: D:4-7

Altars:
Hepliaklqana
Sif Muna
Xom

Shops:
D:3 [(*


Message History

The orc wizard attacks as you move away!
The orc wizard hits you but does no damage.
The orc wizard gestures wildly while chanting.
The orc wizard flickers and vanishes for a moment.
You shoot a sling bullet.
The sling bullet hits the orc but does no damage.
The orc is heavily wounded.
You shoot a sling bullet. The sling bullet hits the orc!
The sling bullet freezes the orc.
You kill the orc!
The orc priest calls upon Beogh to heal something.
The orc wizard hits you with a +0 dagger. x2
The orc priest miscasts a cantrip.
You shoot a sling bullet.
The sling bullet hits the orc wizard but does no damage.
You shoot a sling bullet. The sling bullet hits the orc wizard.
The sling bullet freezes the orc wizard.
The orc wizard is heavily wounded.
The orc priest looks braver for a moment.
The orc wizard hits you but does no damage.
You shoot a sling bullet. The sling bullet hits the orc wizard!
The sling bullet freezes the orc wizard.
You kill the orc wizard!
The orc priest mumbles some strange prayers to Beogh against you.
Beogh smites you!
An orc wizard comes into view. It is wielding a +0 dagger.
Your Fighting skill increases to level 4!
You shoot a sling bullet.
The sling bullet closely misses the orc priest.
The sling bullet hits the orc priest!
The sling bullet freezes the orc priest.
The orc priest is severely wounded.
The orc priest looks satisfied for a moment.
You shoot a sling bullet. The sling bullet hits the orc priest!
The sling bullet freezes the orc priest.
The orc priest is severely wounded.
The orc priest hits you but does no damage.
The orc priest mumbles some strange prayers to Beogh against you.
Beogh smites you!
You die...

## o# # .##.# ...
#####.##### #..@oo....#
#.?)#.###.# ##+##
####.[>#.## ##...##
#.........#
##.....###.........#
#.......##........?##.
.#........####.........
..........'..%.......##
#.....(...##.#...###.#


You could see 2 orc priests.

Vanquished Creatures
  A black bear (D:4)
  A phantom (D:4)
  A scorpion (D:5)
  A hound (D:4)
  An iguana (D:4)
  An orc wizard (D:5)
  2 adders
  A worm (D:3)
  3 dart slugs
  6 orcs
  6 ball pythons
  3 bats
  7 endoplasms
  3 giant cockroaches
  4 goblins
  7 hobgoblins
  2 jackals (D:3)
  2 quokkas
  5 frilled lizards
  11 kobolds
  6 rats
  A spectral orc (D:3)
75 creatures vanquished.

Notes
Turn   | Place    | Note
-------+----------+-------------------------------------------
     0 | D:1      | qw the Gargoyle Hexslinger began the quest for the Orb.
     0 | D:1      | Reached XP level 1. HP: 12/12 MP: 2/2
     0 | D:1      | 0 ||| qw: Version: 0.3-a-52-g30416fa
     0 | D:1      | 0 ||| qw: Game counter: 5590
     0 | D:1      | 0 ||| qw: Melee chars always use a shield: true
     0 | D:1      | 0 ||| qw: God list: Okawaru
     0 | D:1      | 0 ||| qw: Allow faded altars: false
     0 | D:1      | 0 ||| qw: Do Orc after clearing Dungeon:15 true
     0 | D:1      | 0 ||| qw: Do second Lair branch before Depths: true
     0 | D:1      | 0 ||| qw: Lair rune preference: random
     0 | D:1      | 0 ||| qw: Goals: Normal
     0 | D:1      | 0 ||| PLANNING D:1-11
    91 | D:1      | HP: 1/12 [goblin/+1 dagger of speed (3)]
   185 | D:1      | Reached XP level 2. HP: 14/16 MP: 3/3
   348 | D:1      | Reached skill level 3 in Ranged Weapons
   402 | D:1      | Reached XP level 3. HP: 21/21 MP: 4/4
   496 | D:1      | Found a faded altar of an unknown god.
   580 | D:1      | 580 ||| UPGRADING to +0 leather armour.
   590 | D:1      | 590 ||| DROPPING +0 robe.
   591 | D:1      | 591 ||| READING scroll labelled QIPSED BEGO.
   592 | D:1      | 592 ||| READING scroll labelled DOME ROLOI.
   593 | D:1      | 593 ||| READING scroll labelled YNEXUA LEYNN.
   694 | D:1      | 694 ||| READING scroll labelled BEHERA JADOE.
   695 | D:1      | 695 ||| DROPPING scroll of poison.
  1328 | D:2      | 1328 ||| UPGRADING to +0 ring mail.
  1338 | D:2      | 1338 ||| DROPPING +0 leather armour.
  1339 | D:2      | 1339 ||| UPGRADING to +4 ring of slaying {mikee}.
  1340 | D:2      | 1340 ||| READING scroll labelled DEISMIE HENTAACVUA.
  1344 | D:2      | 1344 ||| READING scroll labelled VEAKANI BURUNO.
  1345 | D:2      | 1345 ||| DRINKING 2 lumpy clear potions.
  1346 | D:2      | 1346 ||| READING 2 scrolls of identify.
  1346 | D:2      | 1346 ||| IDENTIFYING glowing emerald potion
  1463 | D:3      | Found Juyjebon's Armour Shoppe.
  1470 | D:3      | 1470 ||| BUYING +0 helmet of intelligence (126 gold).
  1470 | D:3      | Bought a +0 helmet of intelligence for 126 gold pieces
  1482 | D:3      | Found Aneg's Weapon Boutique.
  1506 | D:3      | 1506 ||| SHOPLISTING +3 orcbow of flaming (279 gold, have
                  | 59).
  1556 | D:3      | Reached XP level 4. HP: 26/26 MP: 5/5
  1642 | D:3      | Reached skill level 4 in Ranged Weapons
  1746 | D:3      | Found Zeifarr's General Store.
  1755 | D:3      | 1755 ||| BUYING potion of curing (39 gold).
  1755 | D:3      | Bought a potion of curing for 39 gold pieces
  1755 | D:3      | 1755 ||| SHOPLISTING scroll of teleportation (39 gold, have
                  | 20).
  1817 | D:3      | Found a shimmering blue altar of Sif Muna.
  1857 | D:3      | Identified the +10 dagger of Icuyl {freeze, *Rage Str+2
                  | Stlth+}
  1914 | D:3      | Found a hazy altar of Hepliaklqana.
  1917 | D:3      | Reached skill level 1 in Armour
  2149 | D:3      | 2149 ||| UPGRADING to +0 helmet of intelligence.
  2154 | D:3      | 2154 ||| READING scroll labelled OMIPNO NINUTZ.
  2155 | D:3      | 2155 ||| READING scroll labelled MIUGIY APTOO.
  2156 | D:3      | 2156 ||| READING scroll labelled NOBEGAMIUS.
  2209 | D:4      | 2209 ||| PLANNING OSSUARY
  2215 | D:4      | Noticed a black bear
  2216 | D:4      | Noticed a phantom
  2223 | D:4      | Killed a phantom
  2224 | D:4      | Reached skill level 5 in Ranged Weapons
  2224 | D:4      | Reached XP level 5. HP: 30/30 MP: 6/6
  2240 | D:4      | Killed a black bear
  2241 | D:4      | Reached skill level 3 in Fighting
  2241 | D:4      | Reached XP level 6. HP: 32/38 MP: 7/7
  2349 | D:4      | Found a shimmering altar of Xom.
  2356 | D:4      | Identified the +1 leather armour of the Elven Halls {rF+
                  | Int-2 Dex+2 SInv}
  2447 | D:4      | You fall into a shaft and drop 1 floor!
  2447 | D:5      | Entered Level 5 of the Dungeon
  2466 | D:5      | Reached skill level 6 in Ranged Weapons
  2484 | D:5      | 2484 ||| UPGRADING to +1 leather armour of the Elven Halls
                  | {rF+ Int-2 Dex+2 SInv}.
  2494 | D:5      | 2494 ||| DROPPING +0 ring mail.
  2495 | D:5      | 2495 ||| READING scroll labelled DANUSA RODE.
  2502 | D:5      | 2502 ||| Stepping ~*~*~tactically~*~*~ (outnumbered).
  2507 | D:5      | HP: 8/38 [orc priest/divine providence (15)]
  2509 | D:5      | Killed from afar by an orc priest

Levels and vault maps discovered:
D:1:      minmay_arrival_open_corners, layout_rooms, basic_ecumenical_altar,
          minmay_pentomino_p4
D:2:      kb_forest_paths, layout_basic
D:3:      layout_loops_ring, nicolae_hepliaklqana_monster_ancestors,
          led_sif_pool, serial_shops, shop, nicolae_diamond_shop,
          nicolae_shop_tiny_waterfront
D:4:      layout_loops_ring, brannock_xom_greatest_gift,
          nicolae_ossuary_entry_false_entrances, st_stairs_3,
          nicolae_nh_ransacked_shop, uniq_menkaure
D:5:      minmay_general_purpose_star, layout_loops_corners,
          okawaru_altar_gauntlet_db, minmay_misc_feat_x, lemuel_flame_loot_1

Skill      XL: |  1  2  3  4  5  6 |
---------------+-------------------+-----
Ranged Weapons | 3 5 6 |  6.0
Fighting       | 2 3 4 |  4.0
Armour         | 1 |  1.0
Dodging        | |  1.5
Spellcasting   | |  1.0
Hexes          | |  2.6

Action                     |  1- 3 |  4- 6 || total
---------------------------+-------+-------++-------
   Fire: Sling             |   128 |    88 ||   216
    Use: Scroll            |     7 |     4 ||    11
         Potion            |     1 |       ||     1
 Armour: Robe              |     8 |       ||     8
         Leather armour    |     7 |     4 ||    11
         Ring mail         |     2 |    14 ||    16
  Dodge: Dodged            |    38 |    21 ||    59

Table legend:
 A = Non-vault XP
 B = Vault XP
 C = Vault XP percentage of total XP
 D = Non-vault monster count
 E = Vault monster count
 F = Vault count percentage of total count
                 A         B        C        D         E       F
            +---------+---------+-------+---------+---------+-------
      Total |     329 |     261 |  44.2 |      60 |      15 |  20.0
            +---------+---------+-------+---------+---------+-------
        D:1 |      34 |       8 |  19.0 |      20 |       4 |  16.7
        D:2 |      15 |      10 |  40.0 |      10 |       6 |  37.5
        D:3 |      53 |       4 |   7.0 |      20 |       2 |   9.1
        D:4 |     102 |     239 |  70.1 |       7 |       3 |  30.0
        D:5 |     125 |       0 |   0.0 |       3 |       0 |   0.0
            +---------+---------+-------+---------+---------+-------
